[Event "22nd Wasselonne Open 2018"]
[Site "Wasselonne"]
[Date "2018.08.03"]
[Round "3"]
[White "Bellahcene, Bilel"]
[Black "Cofman, Veaceslav"]
[Result "1-0"]
[ECO "A56"]
[WhiteElo "2507"]
[BlackElo "2198"]
[Annotator "ChessBase"]
[PlyCount "67"]
[EventDate "2018.08.02"]
[EventType "swiss"]
[EventCountry "FRA"]
[SourceTitle "playchess.com"]
[Source "ChessBase"]
[SourceQuality "1"]
[TimeControl "5400+30"]

1. d4 Nf6 2. c4 c5 3. Nf3 e6 4. Nc3 cxd4 5. Nxd4 a6 6. e4 d6 7. Be2 Be7 8. f4 Nc6 9. Be3 O-O 10. O-O Bd7 11. Nb3 b6 12. Bf3 Rb8 13. g4 Be8 14. e5 dxe5 15. g5 exf4 16. Bxf4 Rc8 17. Qxd8 Bxd8 18. gxf6 Bxf6 19. Bd6 Be7 20. Ne4 f5 21. Bxe7 Nxe7 22. Nd6 Rc7 23. c5 bxc5 24. Rac1 Rd7 25. Rfd1 Ra7 26. Nxc5 e5 27. Be2 Bg6 28. Bxa6 e4 29. Bc4+ Kh8 30. Ne6 Rb8 31. Nf4 Nc6 32. Be2 Ne5 33. Rc8+ Rxc8 34. Nxc8 1-0

[Event "22nd Wasselonne Open 2018"]
[Site "Wasselonne"]
[Date "2018.08.03"]
[Round "3"]
[White "Lerch, Patrice"]
[Black "Thomas, Anysia"]
[Result "1/2-1/2"]
[ECO "A00"]
[WhiteElo "2388"]
[BlackElo "2168"]
[Annotator "NA"]
[PlyCount "83"]
[EventDate "2018.08.02"]
[EventType "swiss"]
[EventCountry "FRA"]
[SourceTitle "playchess.com"]
[Source "ChessBase"]
[SourceQuality "1"]
[TimeControl "5400+30"]

1. Nc3 c5 2. g3 g6 3. Bg2 Bg7 4. d3 Nc6 5. f4 Rb8 6. a4 d6 7. Bd2 Nh6 8. Qc1 Nf5 9. Nf3 h5 10. e4 Nfd4 11. Nd5 Bg4 12. Ng1 h4 13. Kf2 Nb4 14. Bxb4 cxb4 15. Qd2 Rc8 16. Rc1 a5 17. h3 hxg3+ 18. Kxg3 Bd7 19. Nf3 e6 20. Nxd4 Bxd4 21. c3 Qh4+ 22. Kf3 Ba7 23. Ne3 e5 24. Nd5 exf4 25. Qe1 Qh5+ 26. Kxf4 g5+ 27. Kg3 Qh4+ 28. Kf3 g4+ 29. Ke2 g3 30. cxb4 Qh5+ 31. Bf3 Qe5 32. Rxc8+ Bxc8 33. Qc3 Qxc3 34. bxc3 Rxh3 35. Rxh3 Bxh3 36. Nf4 Bd7 37. b5 Be6 38. Nxe6 fxe6 39. e5 dxe5 40. Bxb7 Ke7 41. Bg2 Kd6 42. Be4 1/2-1/2

[Event "22nd Wasselonne Open 2018"]
[Site "Wasselonne"]
[Date "2018.08.03"]
[Round "3"]
[White "Stephan, Victor"]
[Black "Soubirou, Oriane"]
[Result "1-0"]
[ECO "A84"]
[WhiteElo "2361"]
[BlackElo "2088"]
[Annotator "NA"]
[PlyCount "41"]
[EventDate "2018.08.02"]
[EventType "swiss"]
[EventCountry "FRA"]
[SourceTitle "playchess.com"]
[Source "ChessBase"]
[SourceQuality "1"]
[TimeControl "5400+30"]

1. d4 e6 2. c4 f5 3. Nc3 Nf6 4. e3 Bb4 5. Bd3 O-O 6. Nge2 b6 7. O-O Bb7 8. f3 Bd6 9. Ng3 c5 10. d5 a6 11. f4 b5 12. e4 b4 13. Nce2 fxe4 14. Nxe4 Be7 15. N2g3 Qb6 16. Nxf6+ Bxf6 17. Qh5 h6 18. Kh1 a5 19. Qg6 Na6 20. Nh5 Rae8 21. Nxf6+ {Nb8} 1-0

[Event "22nd Wasselonne Open 2018"]
[Site "Wasselonne"]
[Date "2018.08.03"]
[Round "3"]
[White "Luba, Lukasz"]
[Black "Braeuning, Rudolf Wilhelm"]
[Result "1-0"]
[ECO "A50"]
[WhiteElo "2117"]
[BlackElo "2299"]
[Annotator "NA"]
[PlyCount "81"]
[EventDate "2018.08.02"]
[EventType "swiss"]
[EventCountry "FRA"]
[SourceTitle "playchess.com"]
[Source "ChessBase"]
[SourceQuality "1"]
[TimeControl "5400+30"]

1. d4 Nf6 2. c4 Nc6 3. Nc3 e5 4. d5 Ne7 5. e4 Ng6 6. g3 Bc5 7. h4 h5 8. Be2 d6 9. Bg5 c6 10. Kf1 Bd4 11. f4 Bxg1 12. Rxg1 Bh3+ 13. Rg2 cxd5 14. f5 Ne7 15. Bxf6 gxf6 16. cxd5 Rg8 17. Qe1 Nc8 18. Kg1 Bxg2 19. Kxg2 Nb6 20. Bxh5 Rc8 21. Be2 Ke7 22. Qf2 a6 23. Re1 Qc7 24. Bd3 Nd7 25. Kh3 Nc5 26. Bb1 b5 27. Ne2 Na4 28. b3 Nc5 29. g4 Qa5 30. Rd1 Nd7 31. Qe3 Qb4 32. g5 fxg5 33. hxg5 Rh8+ 34. Kg2 Rcg8 35. Ng3 Qc5 36. f6+ Kf8 37. Rc1 Rh4 38. b4 Qc4 39. Rxc4 bxc4 40. Qa7 Nxf6 41. gxf6 1-0

[Event "22nd Wasselonne Open 2018"]
[Site "Wasselonne"]
[Date "2018.08.04"]
[Round "6"]
[White "Kurayan, Ruslan"]
[Black "Briet, Antoine"]
[Result "1-0"]
[ECO "B43"]
[WhiteElo "2386"]
[BlackElo "2208"]
[Annotator "NA"]
[PlyCount "77"]
[EventDate "2018.08.02"]
[EventType "swiss"]
[EventCountry "FRA"]
[SourceTitle "playchess.com"]
[Source "ChessBase"]
[SourceQuality "1"]
[TimeControl "5400+30"]

1. e4 c5 2. Nf3 e6 3. d4 cxd4 4. Nxd4 a6 5. Nc3 Qc7 6. Bd3 Nf6 7. O-O Bc5 8. Nb3 Be7 9. f4 d6 10. e5 dxe5 11. fxe5 Nfd7 12. Qg4 g6 13. Bh6 Bf8 14. Qh3 Nxe5 15. Rae1 Nbd7 16. Ne4 b5 17. Bxf8 Rxf8 18. Ng5 Bb7 19. Nxe6 Qb6+ 20. Ned4 Bd5 21. Kh1 f6 22. Be4 Bxe4 23. Rxe4 f5 24. Re2 O-O-O 25. Rfe1 Rde8 26. Qc3+ Kd8 27. Na5 Rf6 28. Ndc6+ Nxc6 29. Rxe8+ Kc7 30. R1e6 b4 31. Qxc6+ Qxc6 32. Nxc6 Rxe6 33. Rxe6 Nc5 34. Nd4 Nxe6 35. Nxe6+ Kd6 36. Nf8 Ke5 37. Kg1 a5 38. Kf2 Kd4 39. Ke2 1-0

[Event "22nd Wasselonne Open 2018"]
[Site "Wasselonne"]
[Date "2018.08.04"]
[Round "6"]
[White "Msellek, Ilyass"]
[Black "Kilthau, Peter"]
[Result "1-0"]
[ECO "D05"]
[WhiteElo "2242"]
[BlackElo "1823"]
[Annotator "NA"]
[PlyCount "67"]
[EventDate "2018.08.02"]
[EventType "swiss"]
[EventCountry "FRA"]
[SourceTitle "playchess.com"]
[Source "ChessBase"]
[SourceQuality "1"]
[TimeControl "5400+30"]

1. Nf3 d5 2. d4 Nf6 3. e3 e6 4. Bd3 c5 5. b3 Nc6 6. Bb2 cxd4 7. exd4 Bd6 8. O-O O-O 9. Nbd2 Re8 10. Re1 Nb4 11. Bf1 Bd7 12. Ne5 Rc8 13. c4 b6 14. a3 Nc6 15. Bd3 Ne7 16. Ndf3 Bc6 17. Ng5 Rf8 18. Qc2 Ng6 19. h4 Bxe5 20. dxe5 Ne4 21. Nxe4 dxe4 22. Bxe4 Bxe4 23. Rxe4 Nxh4 24. Rd1 Qg5 25. g3 Ng6 26. Bc1 Qe7 27. f4 Rfd8 28. Red4 Qc5 29. Be3 Rxd4 30. Rxd4 Qxa3 31. c5 bxc5 32. Ra4 Qa1+ 33. Kg2 Qe1 34. Bf2 1-0

[Event "22nd Wasselonne Open 2018"]
[Site "Wasselonne"]
[Date "2018.08.04"]
[Round "6"]
[White "Kuhn, Clement"]
[Black "Stephan, Victor"]
[Result "0-1"]
[ECO "B12"]
[WhiteElo "2023"]
[BlackElo "2361"]
[Annotator "NA"]
[PlyCount "110"]
[EventDate "2018.08.02"]
[EventType "swiss"]
[EventCountry "FRA"]
[SourceTitle "playchess.com"]
[Source "ChessBase"]
[SourceQuality "1"]
[TimeControl "5400+30"]

1. e4 c6 2. d4 d5 3. e5 Bf5 4. h4 h5 5. Bd3 Bxd3 6. Qxd3 e6 7. Bg5 Qa5+ 8. Nd2 Qa6 9. Qxa6 Nxa6 10. c3 Ne7 11. Ngf3 c5 12. O-O Nf5 13. a3 Be7 14. Bxe7 Kxe7 15. b4 cxd4 16. cxd4 Rac8 17. Rfc1 b6 18. b5 Nb8 19. Rab1 Nd7 20. a4 f6 21. a5 fxe5 22. axb6 axb6 23. Nxe5 Nxe5 24. dxe5 Nd4 25. Kf1 Rc5 26. Ra1 Ra8 27. f3 Nxb5 28. Rxa8 Rxc1+ 29. Ke2 Nd4+ 30. Ke3 Nf5+ 31. Ke2 Rc7 32. Rb8 Nxh4 33. g3 Ng6 34. f4 h4 35. Rxb6 hxg3 36. Kf3 g2 37. Kxg2 Rc2 38. f5 Rxd2+ 39. Kf1 Nf8 40. Rb7+ Nd7 41. f6+ gxf6 42. exf6+ Kxf6 43. Rxd7 Ke5 44. Ke1 Rh2 45. Re7 d4 46. Re8 Kd5 47. Rd8+ Ke4 48. Ra8 Ke3 49. Kf1 e5 50. Kg1 Rb2 51. Ra5 e4 52. Ra3+ d3 53. Ra4 Rb1+ 54. Kg2 d2 55. Ra3+ Kf4 0-1

[Event "22nd Wasselonne Open 2018"]
[Site "Wasselonne"]
[Date "2018.08.05"]
[Round "7"]
[White "Lerch, Patrice"]
[Black "Bohlsen, Linus"]
[Result "1-0"]
[ECO "A00"]
[WhiteElo "2388"]
[BlackElo "2001"]
[Annotator "NA"]
[PlyCount "107"]
[EventDate "2018.08.02"]
[EventType "swiss"]
[EventCountry "FRA"]
[SourceTitle "playchess.com"]
[Source "ChessBase"]
[SourceQuality "1"]
[TimeControl "5400+30"]

1. Nc3 d5 2. Nf3 Nf6 3. g3 g6 4. Bg2 Bg7 5. O-O O-O 6. d3 c5 7. Bg5 Nc6 8. Qd2 Re8 9. Rab1 Rb8 10. a3 b5 11. Rfd1 b4 12. axb4 cxb4 13. Na4 Qa5 14. Ra1 e5 15. Bh6 Bb7 16. Bxg7 Kxg7 17. e3 Qb5 18. d4 e4 19. Ne1 Nd7 20. Rdc1 Na5 21. Bf1 Nc4 22. b3 Nxd2 23. Bxb5 Bc8 24. Bxd7 Bxd7 25. Nc5 Bg4 26. Rxa7 Ra8 27. Rca1 Rxa7 28. Rxa7 Bd1 29. Na6 Rc8 30. Nxb4 Nxb3 31. cxb3 Rc1 32. Kg2 Bxb3 33. Nec2 Rxc2 34. Nxc2 Bxc2 35. Rd7 Bb3 36. f3 exf3+ 37. Kxf3 Kf6 38. e4 Ke6 39. Ra7 dxe4+ 40. Kxe4 Bd5+ 41. Kf4 h6 42. Ra6+ Ke7 43. Ke5 Be6 44. Ra7+ Bd7 45. Rxd7+ Kxd7 46. Kf6 Ke8 47. h4 Kf8 48. d5 Ke8 49. d6 g5 50. hxg5 hxg5 51. Kxg5 Kd7 52. Kf6 Kxd6 53. Kxf7 Ke5 54. Kg6 1-0

[Event "22nd Wasselonne Open 2018"]
[Site "Wasselonne"]
[Date "2018.08.05"]
[Round "7"]
[White "Stephan, Victor"]
[Black "Kurayan, Ruslan"]
[Result "1/2-1/2"]
[ECO "E84"]
[WhiteElo "2361"]
[BlackElo "2386"]
[Annotator "NA"]
[PlyCount "69"]
[EventDate "2018.08.02"]
[EventType "swiss"]
[EventCountry "FRA"]
[SourceTitle "playchess.com"]
[Source "ChessBase"]
[SourceQuality "1"]
[TimeControl "5400+30"]

1. d4 Nf6 2. c4 g6 3. Nc3 Bg7 4. e4 d6 5. f3 O-O 6. Be3 Nc6 7. Nge2 a6 8. Qd2 Rb8 9. Rc1 Ne8 10. h4 f5 11. h5 e5 12. hxg6 hxg6 13. dxe5 Nxe5 14. exf5 Bxf5 15. Nd4 Bd7 16. Be2 Qe7 17. Nd5 Qf7 18. Bg5 Nf6 19. Nxc7 Nc6 20. Nb3 Rbc8 21. Nd5 Nxd5 22. cxd5 Ne7 23. O-O Nxd5 24. Rxc8 Rxc8 25. Rd1 Be6 26. Nd4 Bd7 27. Nb3 Be6 28. Nd4 Bd7 29. Nb3 Be6 30. Nd4 Nc7 31. Nxe6 Nxe6 32. Be3 Be5 33. b3 b5 34. Bd3 Nf4 35. Be4 1/2-1/2

[Event "22nd Wasselonne Open 2018"]
[Site "Wasselonne"]
[Date "2018.08.05"]
[Round "7"]
[White "Mohota, Nisha"]
[Black "Msellek, Ilyass"]
[Result "1/2-1/2"]
[ECO "E73"]
[WhiteElo "2268"]
[BlackElo "2242"]
[Annotator "NA"]
[PlyCount "53"]
[EventDate "2018.08.02"]
[EventType "swiss"]
[EventCountry "FRA"]
[SourceTitle "playchess.com"]
[Source "ChessBase"]
[SourceQuality "1"]
[TimeControl "5400+30"]

1. d4 Nf6 2. c4 g6 3. Nc3 Bg7 4. e4 O-O 5. Be2 d6 6. Bg5 Nbd7 7. Nf3 e5 8. O-O exd4 9. Nxd4 Nc5 10. f3 c6 11. Qd2 Nfxe4 12. Nxe4 Nxe4 13. fxe4 Bxd4+ 14. Kh1 Qb6 15. Rad1 Be5 16. b3 Be6 17. Be7 Rfe8 18. Bxd6 Bxd6 19. Qxd6 Rad8 20. Qf4 Rxd1 21. Bxd1 Qd4 22. Bg4 Qd7 23. Bxe6 Qxe6 24. h3 Rd8 25. Rf2 Rd4 26. Qb8+ Kg7 27. Qxb7 1/2-1/2